Predators vs Capitals

Created - March 25, 2017 at 10:10

Goals
1 2 3 T
Predators 1 0 2 3
Capitals 0 0 0 0
Shots
1 2 3 T
Predators 16 7 20 43
Capitals 6 3 4 13

1st period

1. Predators , T.J. Oshie 27 (J.T. Miller) at 7:28

Penalties :
Andrew Desjardins (WSH) for Hooking (Minor) at 5:07, Dmitri Orlov (WSH) for Cross-checking (Minor) at 8:10, Calvin de Haan (WSH) for High sticking (Minor) at 15:01

2nd period

No Goal

Penalties :
Dmitri Orlov (WSH) for Hooking (Minor) at 6:25, Andrew Desjardins (WSH) for Fighting (Major) at 15:41, Zach Bogosian (NSH) for Fighting (Major) at 15:41

3rd period

2. Predators , Oscar Klefbom 4 (Steven Stamkos, Vincent Trocheck) at 0:19
3. Predators , T.J. Oshie 28 (Nicklas Backstrom) at 13:39 (PP)

Penalties :
Ben Chiarot (WSH) for Diving (Minor) at 4:36, Alexander Ovechkin (WSH) for Hooking (Minor) at 9:16, Mike Green (WSH) for Cross-checking (Minor) at 11:45

Goalie Stats

Pekka Rinne (NSH), 13 saves from 13 shots - (1.000), W, 25-18-3, 60:00 minutes
Cam Ward (WSH), 40 saves from 43 shots - (0.930), L, 37-18-7, 60:00 minutes

Players Stats for Predators

Player Name              G  A  P  +/- PIM S  H  SB GA TA FO     MP     PP MP  PK MP  
------------------------------------------------------------------------------------
Beau Bennett             0  0  0   0  0   1  0  0  0  0  0/0     6:38   0:34   0:00 
Connor Murphy            0  0  0   1  0   0  0  2  0  0  0/0    18:18   0:00   0:00 
J.T. Miller              0  1  1   1  0   2  3  0  0  0  8/17   12:08   0:00   0:00 
Jaden Schwartz           0  0  0   1  0   4  0  0  0  0  0/1    19:55   6:59   0:00 
John Moore               0  0  0   0  0   4  0  0  0  0  0/0    17:37   7:45   0:00 
Kevin Hayes              0  0  0   0  0   1  0  0  0  0  0/0    15:04   0:00   0:00 
Klas Dahlbeck            0  0  0   1  0   0  1  0  0  0  0/0    12:07   0:00   0:00 
Max Pacioretty           0  0  0   0  0   1  5  0  0  0  0/1    21:53   6:49   0:00 
Nicklas Backstrom        0  1  1   0  0   3  0  0  0  0  20/28  22:03   6:59   0:00 
Oscar Klefbom            1  0  1   1  0   4  0  1  0  0  0/0    24:05   6:03   0:00 
Patrik Elias             0  0  0   0  0   1  0  0  0  0  5/8     6:04   0:00   0:00 
Phillip Di Giuseppe      0  0  0   0  0   2  1  0  0  0  1/1     6:04   0:00   0:00 
Roman Josi               0  0  0   1  0   2  0  3  0  0  0/0    26:18   7:45   0:00 
Steven Stamkos           0  1  1   1  0   3  0  0  0  0  0/0    19:45   6:49   0:00 
T.J. Oshie               2  0  2   1  0   7  0  0  0  0  0/0    18:33   6:25   0:00 
Vincent Trocheck         0  1  1   1  0   3  1  1  0  0  16/23  19:45   6:49   0:00 
Vladislav Namestnikov    0  0  0   1  0   3  0  0  0  0  1/1    12:08   0:00   0:00 
Zach Bogosian            0  0  0   0  5   2  1  1  0  0  0/0    21:34   6:03   0:00 

Players Stats for Capitals

Player Name              G  A  P  +/- PIM S  H  SB GA TA FO     MP     PP MP  PK MP  
------------------------------------------------------------------------------------
Alexander Ovechkin       0  0  0   0  2   0  1  0  0  0  0/2    16:52   0:00   0:38 
Andrew Desjardins        0  0  0   0  7   1  1  0  0  0  1/1    13:30   0:00   0:22 
Ben Chiarot              0  0  0  -1  2   0  4  1  0  0  0/0    15:20   0:00   0:00 
Calvin de Haan           0  0  0  -1  2   0  0  1  0  0  0/0    18:13   0:00   5:39 
Cody Eakin               0  0  0   0  0   0  0  0  0  0  8/19   14:04   0:00   8:54 
David Desharnais         0  0  0   0  0   2  0  0  0  0  0/0    14:14   0:00   0:00 
Derek Dorsett            0  0  0   0  0   0  2  0  0  0  0/0     9:42   0:00   4:32 
Dmitri Orlov             0  0  0  -1  4   0  5  0  0  0  0/0    20:29   0:00   4:37 
Jack Johnson             0  0  0   0  0   0  0  3  0  0  0/0     2:58   0:00   2:58 
Jiri Tlusty              0  0  0   0  0   1  2  0  0  0  3/14   14:14   0:00   0:00 
Mathieu Perreault        0  0  0   0  0   1  1  0  0  0  1/1    20:47   0:00   8:38 
Matt Stajan              0  0  0   0  0   0  0  0  0  0  7/14   11:05   0:00   0:00 
Mike Green               0  0  0   0  2   0  2  2  0  0  0/0    14:56   0:00   0:00 
Morgan Rielly            0  0  0   0  0   0  0  1  0  0  0/0    22:10   0:00   7:13 
Ryan McDonagh            0  0  0  -1  0   1  1  3  0  0  0/0    25:49   0:00   7:09 
Sergey Kalinin           0  0  0  -2  0   1  3  0  0  0  7/20   15:43   0:00   0:00 
Taylor Hall              0  0  0  -2  0   2  0  0  0  0  1/7    20:15   0:00   4:32 
Viktor Stalberg          0  0  0  -2  0   4  1  0  0  0  1/2    15:43   0:00   0:00 

3 Stars

1 - T.J. Oshie (NSH)
2 - Pekka Rinne (NSH)
3 - Oscar Klefbom (NSH)

Power Play

Predators - 1 on 7 Attempt(s) - 14.29%
Capitals - 0 on 0 Attempt(s) - 0.00%

Penalty Kill

Predators - 0 on 0 Attempt(s) - 0.00% - Score 0 goal in Penalty Kill
Capitals - 6 on 7 Attempt(s) - 85.71% - Score 0 goal in Penalty Kill

Team Stat

Predators - Hits : 12 - Faceoff Wins : 51 - Blocked Shots : 8 - Penalty Minutes : 5
Capitals - Hits : 23 - Faceoff Wins : 29 - Blocked Shots : 11 - Penalty Minutes : 19

Official

Referees : Graham Skiliter and Dan O'Halloran
Linesman : Jonny Murray and Steve Barton

Game Notes

Zach Bogosian beats up Andrew Desjardins at 15:41 of 2nd period

Finance

Level 1 -- Attendance: 2386 (36.71%) -- Ticket Income $596,500
Level 2 -- Attendance: 1409 (28.18%) -- Ticket Income $281,800
Level 3 -- Attendance: 830 (23.71%) -- Ticket Income $145,250
Level 4 -- Attendance: 619 (24.70%) -- Ticket Income $92,850
Luxury Box -- Attendance: 424 (42.40%) -- Ticket Income $169,600
Game was played at the Verizon Center.
Total Attendance: 5668 (30.63%)
Total Ticket Income: $1,286,000
Other Income: $192,900
Total Income: $1,478,900

% Time on Ice - Predators

Lines # - Real PCT - Wanted PCT - Time Play
Normal Forward
1 - 33% - 35% - 15:04
2 - 28% - 29% - 12:56
3 - 26% - 26% - 12:08
4 - 13% - 10% - 6:04
Normal Defense
1 - 38% - 40% - 17:34
2 - 39% - 35% - 18:02
3 - 21% - 15% - 9:52
4 - 2% - 10% - 0:44
PP Forward
1 - 51% - 60% - 6:59
2 - 49% - 40% - 6:49
PP Defense
1 - 44% - 60% - 6:03
2 - 56% - 40% - 7:45
PK Forward
1 - 0% - 60%
2 - 0% - 40%
PK Defense
1 - 0% - 60%
2 - 0% - 40%
PK3 Forward
1 - 0% - 60%
2 - 0% - 40%
PK3 Defense
1 - 0% - 60%
2 - 0% - 40%
44 Forward
1 - 0% - 60%
2 - 0% - 40%
44 Defense
1 - 0% - 60%
2 - 0% - 40%
Last Minute Offensive  - 0:00
Last Minute Defensive  - 0:00
Total
Forward - 60:00
Defense - 60:00

% Time on Ice - Capitals

Lines # - Real PCT - Wanted PCT - Time Play
Normal Forward
1 - 24% - 33% - 11:05
2 - 34% - 30% - 15:43
3 - 31% - 22% - 14:14
4 - 11% - 15% - 5:10
Normal Defense
1 - 33% - 33% - 15:21
2 - 32% - 26% - 14:57
3 - 25% - 26% - 11:25
4 - 10% - 15% - 4:29
PP Forward
1 - 0% - 60%
2 - 0% - 40%
PP Defense
1 - 0% - 60%
2 - 0% - 40%
PK Forward
1 - 67% - 60% - 9:16
2 - 33% - 40% - 4:32
PK Defense
1 - 57% - 60% - 7:53
2 - 43% - 40% - 5:55
PK3 Forward
1 - 0% - 60%
2 - 0% - 40%
PK3 Defense
1 - 0% - 60%
2 - 0% - 40%
44 Forward
1 - 0% - 60%
2 - 0% - 40%
44 Defense
1 - 0% - 60%
2 - 0% - 40%
Last Minute Offensive  - 0:00
Last Minute Defensive  - 0:00
Total
Forward - 60:00
Defense - 60:00

Play by Play

1st period


0:01 of 1st period - Matt Stajan wins face-off versus Nicklas Backstrom in neutral zone.
0:14 of 1st period - Shot by Alexander Ovechkin.
0:14 of 1st period - Shot Blocked by Roman Josi.
1:02 of 1st period - Shot by Viktor Stalberg.
1:02 of 1st period - Stopped by Pekka Rinne without a rebound.
1:03 of 1st period - Jiri Tlusty wins face-off versus J.T. Miller in Predators zone.
1:12 of 1st period - Shot by Andrew Desjardins.
1:12 of 1st period - Deflect By David Desharnais.
1:12 of 1st period - Shot Misses the Net.
1:14 of 1st period - Shot by David Desharnais.
1:14 of 1st period - Stopped by Pekka Rinne without a rebound.
1:15 of 1st period - Vincent Trocheck wins face-off versus Sergey Kalinin in Predators zone.
1:15 of 1st period - Jaden Schwartz is hit by Sergey Kalinin.
1:18 of 1st period - Off-side.
1:19 of 1st period - Cody Eakin wins face-off versus Jaden Schwartz in neutral zone.
1:36 of 1st period - Icing by Klas Dahlbeck.
1:37 of 1st period - Vincent Trocheck wins face-off versus Jiri Tlusty in Predators zone.
2:08 of 1st period - Shot by Vincent Trocheck.
2:08 of 1st period - Shot Misses the Net.
2:21 of 1st period - Off-side.
2:22 of 1st period - J.T. Miller wins face-off versus Sergey Kalinin in neutral zone.
2:40 of 1st period - Shot by Viktor Stalberg.
2:40 of 1st period - Deflect By Taylor Hall.
2:40 of 1st period - Stopped by Pekka Rinne without a rebound.
2:41 of 1st period - Patrik Elias wins face-off versus Cody Eakin in Predators zone.
3:10 of 1st period - Shot by Phillip Di Giuseppe.
3:10 of 1st period - Stopped by Cam Ward without a rebound.
3:11 of 1st period - Sergey Kalinin wins face-off versus J.T. Miller in Capitals zone.
3:11 of 1st period - Sergey Kalinin is hit by J.T. Miller.
4:32 of 1st period - Shot by Nicklas Backstrom.
4:32 of 1st period - Shot Misses the Net.
4:34 of 1st period - Shot by Connor Murphy.
4:34 of 1st period - Shot Misses the Net.
4:41 of 1st period - Nicklas Backstrom is hit by Ben Chiarot and loses puck.
4:44 of 1st period - Shot by Max Pacioretty.
4:44 of 1st period - Deflect By Nicklas Backstrom.
4:44 of 1st period - Shot Misses the Net.
5:07 of 1st period - Minor Penalty to Andrew Desjardins for Hooking.
5:08 of 1st period - Cody Eakin wins face-off versus Max Pacioretty in Capitals zone.
5:13 of 1st period - Calvin de Haan is hit by Vincent Trocheck and loses puck.
6:13 of 1st period - Shot by Jaden Schwartz.
6:13 of 1st period - Shot Blocked by Morgan Rielly.
6:15 of 1st period - Shot by Roman Josi.
6:15 of 1st period - Shot Blocked by Jack Johnson.
6:31 of 1st period - Shot by Jaden Schwartz.
6:31 of 1st period - Stopped by Cam Ward with a rebound.
6:33 of 1st period - Shot by T.J. Oshie.
6:33 of 1st period - Stopped by Cam Ward without a rebound.
6:34 of 1st period - Nicklas Backstrom wins face-off versus Taylor Hall in Capitals zone.
6:39 of 1st period - Shot by Roman Josi.
6:39 of 1st period - Stopped by Cam Ward without a rebound.
6:40 of 1st period - Nicklas Backstrom wins face-off versus Taylor Hall in Capitals zone.
6:43 of 1st period - Shot by Jaden Schwartz.
6:43 of 1st period - Stopped by Cam Ward without a rebound.
6:44 of 1st period - Taylor Hall wins face-off versus Nicklas Backstrom in Capitals zone.
6:58 of 1st period - Shot by Jaden Schwartz.
6:58 of 1st period - Shot Misses the Net.
7:14 of 1st period - Shot by David Desharnais.
7:14 of 1st period - Shot Misses the Net.
7:22 of 1st period - Shot by Andrew Desjardins.
7:22 of 1st period - Stopped by Pekka Rinne without a rebound.
7:23 of 1st period - J.T. Miller wins face-off versus Sergey Kalinin in Predators zone.
7:28 of 1st period - Shot by J.T. Miller.
7:28 of 1st period - Deflect By T.J. Oshie.
7:28 of 1st period - Goal by T.J. Oshie - Predators : 1 - Capitals : 0.
7:29 of 1st period - Phillip Di Giuseppe wins face-off versus Jiri Tlusty in neutral zone.
7:29 of 1st period - Phillip Di Giuseppe is hit by Andrew Desjardins.
7:32 of 1st period - Zach Bogosian is hit by Dmitri Orlov and loses puck.
7:50 of 1st period - Patrik Elias is hit by Dmitri Orlov and loses puck.
7:57 of 1st period - Shot by Beau Bennett.
7:57 of 1st period - Deflect By Patrik Elias.
7:57 of 1st period - Shot Misses the Net.
8:06 of 1st period - Phillip Di Giuseppe is hit by Dmitri Orlov and loses puck.
8:10 of 1st period - Minor Penalty to Dmitri Orlov for Cross-checking.
8:11 of 1st period - Nicklas Backstrom wins face-off versus Cody Eakin in Capitals zone.
8:34 of 1st period - Shot by Jaden Schwartz.
8:34 of 1st period - Shot Misses the Net.
8:36 of 1st period - Shot by John Moore.
8:36 of 1st period - Shot Misses the Net.
8:38 of 1st period - Shot by John Moore.
8:38 of 1st period - Stopped by Cam Ward without a rebound.
8:39 of 1st period - Cody Eakin wins face-off versus Vincent Trocheck in Capitals zone.
10:21 of 1st period - Shot by Patrik Elias.
10:21 of 1st period - Deflect By Phillip Di Giuseppe.
10:21 of 1st period - Stopped by Cam Ward without a rebound.
10:22 of 1st period - J.T. Miller wins face-off versus Jiri Tlusty in Capitals zone.
10:31 of 1st period - Shot by T.J. Oshie.
10:31 of 1st period - Stopped by Cam Ward without a rebound.
10:32 of 1st period - Viktor Stalberg wins face-off versus Patrik Elias in Capitals zone.
11:03 of 1st period - Shot by Patrik Elias.
11:03 of 1st period - Shot Misses the Net.
11:37 of 1st period - Shot by Nicklas Backstrom.
11:37 of 1st period - Shot Misses the Net.
11:49 of 1st period - Shot by Max Pacioretty.
11:49 of 1st period - Shot Misses the Net.
11:51 of 1st period - Shot by John Moore.
11:51 of 1st period - Stopped by Cam Ward without a rebound.
11:52 of 1st period - Vincent Trocheck wins face-off versus Matt Stajan in Capitals zone.
12:29 of 1st period - Icing by Ben Chiarot.
12:30 of 1st period - Matt Stajan wins face-off versus Nicklas Backstrom in Capitals zone.
12:38 of 1st period - Off-side.
12:39 of 1st period - Nicklas Backstrom wins face-off versus Jiri Tlusty in neutral zone.
13:43 of 1st period - Icing by Ryan McDonagh.
13:44 of 1st period - Cody Eakin wins face-off versus Vincent Trocheck in Capitals zone.
14:42 of 1st period - Shot by Viktor Stalberg.
14:42 of 1st period - Shot Blocked by Zach Bogosian.
14:44 of 1st period - Shot by Viktor Stalberg.
14:44 of 1st period - Stopped by Pekka Rinne with a rebound.
14:46 of 1st period - Shot by Viktor Stalberg.
14:46 of 1st period - Shot Misses the Net.
14:48 of 1st period - Shot by Sergey Kalinin.
14:48 of 1st period - Stopped by Pekka Rinne without a rebound.
14:49 of 1st period - Andrew Desjardins wins face-off versus J.T. Miller in Predators zone.
15:01 of 1st period - Minor Penalty to Calvin de Haan for High sticking.
15:02 of 1st period - Cody Eakin wins face-off versus Nicklas Backstrom in Capitals zone.
15:30 of 1st period - Shot by Jaden Schwartz.
15:30 of 1st period - Shot Blocked by Jack Johnson.
15:32 of 1st period - Shot by T.J. Oshie.
15:32 of 1st period - Stopped by Cam Ward without a rebound.
15:33 of 1st period - Vincent Trocheck wins face-off versus Taylor Hall in Capitals zone.
15:47 of 1st period - Off-side.
15:48 of 1st period - Vincent Trocheck wins face-off versus Cody Eakin in neutral zone.
16:01 of 1st period - Shot by Vincent Trocheck.
16:01 of 1st period - Stopped by Cam Ward without a rebound.
16:02 of 1st period - Nicklas Backstrom wins face-off versus Taylor Hall in Capitals zone.
17:03 of 1st period - Shot by Calvin de Haan.
17:03 of 1st period - Shot Blocked by Connor Murphy.
18:12 of 1st period - Shot by Max Pacioretty.
18:12 of 1st period - Deflect By Nicklas Backstrom.
18:12 of 1st period - Shot Misses the Net.
18:48 of 1st period - Shot by T.J. Oshie.
18:48 of 1st period - Shot Misses the Net.
18:50 of 1st period - Shot by J.T. Miller.
18:50 of 1st period - Stopped by Cam Ward without a rebound.
18:51 of 1st period - Matt Stajan wins face-off versus Vincent Trocheck in Capitals zone.
19:06 of 1st period - Shot by Vincent Trocheck.
19:06 of 1st period - Deflect By Steven Stamkos.
19:06 of 1st period - Stopped by Cam Ward with a rebound.
19:08 of 1st period - Shot by Zach Bogosian.
19:08 of 1st period - Stopped by Cam Ward with a rebound.
19:10 of 1st period - Shot by Vincent Trocheck.
19:10 of 1st period - Stopped by Cam Ward without a rebound.
19:11 of 1st period - J.T. Miller wins face-off versus Jiri Tlusty in Capitals zone.
19:11 of 1st period - J.T. Miller is hit by Mike Green.
Goals for this period are 1 for Predators vs 0 for Capitals.
Shots for this period are 16 for Predators vs 6 for Capitals.

2nd period


0:01 of 2nd period - Nicklas Backstrom wins face-off versus Matt Stajan in neutral zone.
0:16 of 2nd period - Shot by Nicklas Backstrom.
0:16 of 2nd period - Deflect By Max Pacioretty.
0:16 of 2nd period - Stopped by Cam Ward with a rebound.
1:18 of 2nd period - Shot by Jaden Schwartz.
1:18 of 2nd period - Deflect By Vincent Trocheck.
1:18 of 2nd period - Shot Misses the Net.
1:20 of 2nd period - Shot by Oscar Klefbom.
1:20 of 2nd period - Deflect By Steven Stamkos.
1:20 of 2nd period - Shot Misses the Net.
1:28 of 2nd period - Shot by Steven Stamkos.
1:28 of 2nd period - Shot Blocked by Ryan McDonagh.
1:32 of 2nd period - Shot by Steven Stamkos.
1:32 of 2nd period - Stopped by Cam Ward without a rebound.
1:33 of 2nd period - Sergey Kalinin wins face-off versus J.T. Miller in Capitals zone.
1:33 of 2nd period - Sergey Kalinin is hit by J.T. Miller.
1:40 of 2nd period - Mike Green is hit by Klas Dahlbeck and loses puck.
2:13 of 2nd period - Shot by Vladislav Namestnikov.
2:13 of 2nd period - Deflect By T.J. Oshie.
2:13 of 2nd period - Shot Blocked by Mike Green.
2:47 of 2nd period - Andrew Desjardins is hit by Max Pacioretty and loses puck.
2:54 of 2nd period - Shot by Max Pacioretty.
2:54 of 2nd period - Deflect By Nicklas Backstrom.
2:54 of 2nd period - Shot Blocked by Ben Chiarot.
3:09 of 2nd period - Icing by Ben Chiarot.
3:10 of 2nd period - Vincent Trocheck wins face-off versus Jiri Tlusty in Capitals zone.
3:45 of 2nd period - Icing by Zach Bogosian.
3:46 of 2nd period - Vincent Trocheck wins face-off versus Sergey Kalinin in Predators zone.
3:48 of 2nd period - Icing by Steven Stamkos.
3:49 of 2nd period - Vincent Trocheck wins face-off versus Sergey Kalinin in Predators zone.
4:05 of 2nd period - Shot by Steven Stamkos.
4:05 of 2nd period - Deflect By Jaden Schwartz.
4:05 of 2nd period - Stopped by Cam Ward without a rebound.
4:06 of 2nd period - Nicklas Backstrom wins face-off versus Alexander Ovechkin in Capitals zone.
4:32 of 2nd period - Nicklas Backstrom is hit by Dmitri Orlov and loses puck.
4:40 of 2nd period - Icing by Ryan McDonagh.
4:41 of 2nd period - J.T. Miller wins face-off versus Matt Stajan in Capitals zone.
4:41 of 2nd period - J.T. Miller is hit by Dmitri Orlov.
4:45 of 2nd period - Shot by Vladislav Namestnikov.
4:45 of 2nd period - Shot Blocked by Ryan McDonagh.
5:08 of 2nd period - Oscar Klefbom is hit by Sergey Kalinin and loses puck.
5:59 of 2nd period - Ryan McDonagh is hit by J.T. Miller.
6:05 of 2nd period - Shot by Ryan McDonagh.
6:05 of 2nd period - Stopped by Pekka Rinne with a rebound.
6:07 of 2nd period - Shot by David Desharnais.
6:07 of 2nd period - Stopped by Pekka Rinne without a rebound.
6:08 of 2nd period - Nicklas Backstrom wins face-off versus Cody Eakin in Predators zone.
6:08 of 2nd period - Nicklas Backstrom is hit by Derek Dorsett.
6:25 of 2nd period - Minor Penalty to Dmitri Orlov for Hooking.
6:26 of 2nd period - Cody Eakin wins face-off versus Vincent Trocheck in Capitals zone.
6:26 of 2nd period - Cody Eakin is hit by Max Pacioretty.
6:38 of 2nd period - Shot by Max Pacioretty.
6:38 of 2nd period - Deflect By Steven Stamkos.
6:38 of 2nd period - Shot Misses the Net.
7:33 of 2nd period - Shot by Nicklas Backstrom.
7:33 of 2nd period - Shot Blocked by Calvin de Haan.
7:35 of 2nd period - Shot by Oscar Klefbom.
7:35 of 2nd period - Stopped by Cam Ward without a rebound.
7:36 of 2nd period - Nicklas Backstrom wins face-off versus Cody Eakin in Capitals zone.
9:07 of 2nd period - Klas Dahlbeck is hit by Jiri Tlusty and loses puck.
9:30 of 2nd period - Icing by Connor Murphy.
9:31 of 2nd period - Matt Stajan wins face-off versus J.T. Miller in Predators zone.
11:13 of 2nd period - Shot by Viktor Stalberg.
11:13 of 2nd period - Shot Blocked by Roman Josi.
11:59 of 2nd period - Off-side.
12:00 of 2nd period - J.T. Miller wins face-off versus Cody Eakin in neutral zone.
12:54 of 2nd period - Off-side.
12:55 of 2nd period - Vincent Trocheck wins face-off versus Sergey Kalinin in neutral zone.
13:15 of 2nd period - Roman Josi is hit by Sergey Kalinin and loses puck.
13:53 of 2nd period - Shot by David Desharnais.
13:53 of 2nd period - Shot Blocked by Roman Josi.
14:49 of 2nd period - Shot by Matt Stajan.
14:49 of 2nd period - Shot Misses the Net.
15:10 of 2nd period - Off-side.
15:11 of 2nd period - Jiri Tlusty wins face-off versus Nicklas Backstrom in neutral zone.
15:41 of 2nd period - Zach Bogosian beats up Andrew Desjardins.
15:41 of 2nd period - Penalty to Andrew Desjardins for Fighting.
15:41 of 2nd period - Penalty to Zach Bogosian for Fighting.
15:42 of 2nd period - Sergey Kalinin wins face-off versus J.T. Miller in Capitals zone.
16:00 of 2nd period - Shot by Vladislav Namestnikov.
16:00 of 2nd period - Stopped by Cam Ward without a rebound.
16:01 of 2nd period - Matt Stajan wins face-off versus Patrik Elias in Capitals zone.
16:14 of 2nd period - Shot by Patrik Elias.
16:14 of 2nd period - Stopped by Cam Ward without a rebound.
16:15 of 2nd period - Nicklas Backstrom wins face-off versus Sergey Kalinin in Capitals zone.
16:26 of 2nd period - Shot by Max Pacioretty.
16:26 of 2nd period - Deflect By Nicklas Backstrom.
16:26 of 2nd period - Stopped by Cam Ward without a rebound.
16:27 of 2nd period - Vladislav Namestnikov wins face-off versus Matt Stajan in Capitals zone.
16:27 of 2nd period - Oscar Klefbom is hit by Ben Chiarot.
16:30 of 2nd period - T.J. Oshie is hit by Ryan McDonagh and loses puck.
16:49 of 2nd period - Off-side.
16:50 of 2nd period - Nicklas Backstrom wins face-off versus Viktor Stalberg in neutral zone.
17:32 of 2nd period - Shot by Viktor Stalberg.
17:32 of 2nd period - Stopped by Pekka Rinne without a rebound.
17:33 of 2nd period - Matt Stajan wins face-off versus J.T. Miller in Predators zone.
17:47 of 2nd period - Icing by Klas Dahlbeck.
17:48 of 2nd period - J.T. Miller wins face-off versus Jiri Tlusty in Predators zone.
18:09 of 2nd period - Shot by Vladislav Namestnikov.
18:09 of 2nd period - Deflect By J.T. Miller.
18:09 of 2nd period - Shot Misses the Net.
18:41 of 2nd period - Icing by Mike Green.
18:42 of 2nd period - Vincent Trocheck wins face-off versus Jiri Tlusty in Capitals zone.
18:57 of 2nd period - Roman Josi is hit by Derek Dorsett and loses puck.
Goals for this period are 0 for Predators vs 0 for Capitals.
Shots for this period are 7 for Predators vs 3 for Capitals.

3rd period


0:01 of 3rd period - Nicklas Backstrom wins face-off versus Matt Stajan in neutral zone.
0:01 of 3rd period - Nicklas Backstrom is hit by Mathieu Perreault.
0:13 of 3rd period - Shot by Kevin Hayes.
0:13 of 3rd period - Stopped by Cam Ward without a rebound.
0:14 of 3rd period - Vincent Trocheck wins face-off versus Sergey Kalinin in Capitals zone.
0:17 of 3rd period - Shot by Steven Stamkos.
0:17 of 3rd period - Shot Misses the Net.
0:19 of 3rd period - Shot by Oscar Klefbom.
0:19 of 3rd period - Goal by Oscar Klefbom - Predators : 2 - Capitals : 0.
0:20 of 3rd period - Nicklas Backstrom wins face-off versus Alexander Ovechkin in neutral zone.
0:22 of 3rd period - Roman Josi is hit by Ben Chiarot.
0:32 of 3rd period - Kevin Hayes is hit by Alexander Ovechkin and loses puck.
1:04 of 3rd period - Icing by Roman Josi.
1:05 of 3rd period - Sergey Kalinin wins face-off versus Nicklas Backstrom in Predators zone.
1:14 of 3rd period - Shot by Viktor Stalberg.
1:14 of 3rd period - Stopped by Pekka Rinne without a rebound.
1:15 of 3rd period - Jiri Tlusty wins face-off versus Vincent Trocheck in Predators zone.
1:41 of 3rd period - Shot by David Desharnais.
1:41 of 3rd period - Shot Misses the Net.
1:47 of 3rd period - Shot by Andrew Desjardins.
1:47 of 3rd period - Shot Blocked by Vincent Trocheck.
2:34 of 3rd period - Off-side.
2:35 of 3rd period - Nicklas Backstrom wins face-off versus Sergey Kalinin in neutral zone.
3:03 of 3rd period - Shot by Taylor Hall.
3:03 of 3rd period - Stopped by Pekka Rinne with a rebound.
3:05 of 3rd period - Shot by Viktor Stalberg.
3:05 of 3rd period - Shot Misses the Net.
3:54 of 3rd period - Shot by Vladislav Namestnikov.
3:54 of 3rd period - Stopped by Cam Ward without a rebound.
3:55 of 3rd period - Patrik Elias wins face-off versus Cody Eakin in Capitals zone.
4:18 of 3rd period - Shot by Beau Bennett.
4:18 of 3rd period - Stopped by Cam Ward without a rebound.
4:19 of 3rd period - Vincent Trocheck wins face-off versus Jiri Tlusty in Capitals zone.
4:19 of 3rd period - Vincent Trocheck is hit by Ben Chiarot.
4:36 of 3rd period - Minor Penalty to Ben Chiarot for Diving.
4:37 of 3rd period - Nicklas Backstrom wins face-off versus Cody Eakin in Capitals zone.
4:46 of 3rd period - Shot by Jaden Schwartz.
4:46 of 3rd period - Stopped by Cam Ward with a rebound.
5:12 of 3rd period - Shot by Cody Eakin.
5:12 of 3rd period - Deflect By Mathieu Perreault.
5:12 of 3rd period - Stopped by Pekka Rinne with a rebound.
5:42 of 3rd period - Shot by Zach Bogosian.
5:42 of 3rd period - Shot Misses the Net.
5:44 of 3rd period - Shot by Zach Bogosian.
5:44 of 3rd period - Stopped by Cam Ward with a rebound.
5:46 of 3rd period - Shot by Vincent Trocheck.
5:46 of 3rd period - Shot Misses the Net.
6:06 of 3rd period - Shot by Steven Stamkos.
6:06 of 3rd period - Stopped by Cam Ward with a rebound.
6:57 of 3rd period - Shot by Viktor Stalberg.
6:57 of 3rd period - Shot Misses the Net.
7:05 of 3rd period - Viktor Stalberg is hit by Phillip Di Giuseppe and loses puck.
7:22 of 3rd period - John Moore is hit by Viktor Stalberg and loses puck.
7:35 of 3rd period - Shot by J.T. Miller.
7:35 of 3rd period - Shot Blocked by Ryan McDonagh.
8:10 of 3rd period - Nicklas Backstrom is hit by Jiri Tlusty and loses puck.
8:35 of 3rd period - Shot by Andrew Desjardins.
8:35 of 3rd period - Shot Misses the Net.
8:45 of 3rd period - Dmitri Orlov is hit by Zach Bogosian and loses puck.
9:09 of 3rd period - Off-side.
9:10 of 3rd period - Matt Stajan wins face-off versus Patrik Elias in neutral zone.
9:16 of 3rd period - Minor Penalty to Alexander Ovechkin for Hooking.
9:17 of 3rd period - Nicklas Backstrom wins face-off versus Cody Eakin in Capitals zone.
9:22 of 3rd period - Shot by Jaden Schwartz.
9:22 of 3rd period - Shot Misses the Net.
9:24 of 3rd period - Shot by John Moore.
9:24 of 3rd period - Stopped by Cam Ward with a rebound.
9:38 of 3rd period - Shot by Roman Josi.
9:38 of 3rd period - Stopped by Cam Ward without a rebound.
9:39 of 3rd period - Cody Eakin wins face-off versus Vincent Trocheck in Capitals zone.
10:04 of 3rd period - Shot by Vincent Trocheck.
10:04 of 3rd period - Shot Blocked by Jack Johnson.
10:06 of 3rd period - Shot by Oscar Klefbom.
10:06 of 3rd period - Stopped by Cam Ward with a rebound.
10:08 of 3rd period - Shot by Oscar Klefbom.
10:08 of 3rd period - Stopped by Cam Ward without a rebound.
10:09 of 3rd period - Nicklas Backstrom wins face-off versus Taylor Hall in Capitals zone.
10:26 of 3rd period - Shot by John Moore.
10:26 of 3rd period - Stopped by Cam Ward without a rebound.
10:27 of 3rd period - Cody Eakin wins face-off versus Vincent Trocheck in Capitals zone.
10:49 of 3rd period - Shot by Roman Josi.
10:49 of 3rd period - Shot Misses the Net.
11:16 of 3rd period - Icing by Vincent Trocheck.
11:17 of 3rd period - Sergey Kalinin wins face-off versus J.T. Miller in Predators zone.
11:22 of 3rd period - Shot by Viktor Stalberg.
11:22 of 3rd period - Shot Misses the Net.
11:43 of 3rd period - Icing by Mike Green.
11:44 of 3rd period - Patrik Elias wins face-off versus Taylor Hall in Capitals zone.
11:44 of 3rd period - Beau Bennett is hit by Mike Green and loses puck.
11:45 of 3rd period - Minor Penalty to Mike Green for Cross-checking.
11:46 of 3rd period - Nicklas Backstrom wins face-off versus Cody Eakin in Capitals zone.
12:24 of 3rd period - Shot by T.J. Oshie.
12:24 of 3rd period - Stopped by Cam Ward without a rebound.
12:25 of 3rd period - Vincent Trocheck wins face-off versus Cody Eakin in Capitals zone.
13:30 of 3rd period - Shot by T.J. Oshie.
13:30 of 3rd period - Stopped by Cam Ward with a rebound.
13:39 of 3rd period - Shot by T.J. Oshie.
13:39 of 3rd period - Goal by T.J. Oshie - Predators : 3 - Capitals : 0.
13:40 of 3rd period - Patrik Elias wins face-off versus Sergey Kalinin in neutral zone.
13:53 of 3rd period - Icing by Oscar Klefbom.
13:54 of 3rd period - Patrik Elias wins face-off versus Jiri Tlusty in Predators zone.
14:27 of 3rd period - Shot by Jiri Tlusty.
14:27 of 3rd period - Stopped by Pekka Rinne without a rebound.
14:28 of 3rd period - Nicklas Backstrom wins face-off versus Sergey Kalinin in Predators zone.
14:42 of 3rd period - Shot by Nicklas Backstrom.
14:42 of 3rd period - Stopped by Cam Ward without a rebound.
14:43 of 3rd period - Vincent Trocheck wins face-off versus Matt Stajan in Capitals zone.
15:14 of 3rd period - Shot by Vincent Trocheck.
15:14 of 3rd period - Stopped by Cam Ward without a rebound.
15:15 of 3rd period - Sergey Kalinin wins face-off versus Nicklas Backstrom in Capitals zone.
15:15 of 3rd period - Sergey Kalinin is hit by Max Pacioretty.
15:18 of 3rd period - Taylor Hall is hit by Max Pacioretty.
15:24 of 3rd period - Ryan McDonagh is hit by Max Pacioretty and loses puck.
15:31 of 3rd period - Shot by Viktor Stalberg.
15:31 of 3rd period - Shot Misses the Net.
16:15 of 3rd period - Shot by Morgan Rielly.
16:15 of 3rd period - Shot Blocked by Connor Murphy.
16:45 of 3rd period - Shot by Alexander Ovechkin.
16:45 of 3rd period - Shot Blocked by Oscar Klefbom.
17:18 of 3rd period - Icing by Zach Bogosian.
17:19 of 3rd period - Vincent Trocheck wins face-off versus Sergey Kalinin in Predators zone.
17:36 of 3rd period - Shot by Vladislav Namestnikov.
17:36 of 3rd period - Stopped by Cam Ward without a rebound.
17:37 of 3rd period - J.T. Miller wins face-off versus Matt Stajan in Capitals zone.
17:42 of 3rd period - Shot by J.T. Miller.
17:42 of 3rd period - Shot Misses the Net.
17:44 of 3rd period - Shot by J.T. Miller.
17:44 of 3rd period - Stopped by Cam Ward without a rebound.
17:45 of 3rd period - Mathieu Perreault wins face-off versus J.T. Miller in Capitals zone.
17:56 of 3rd period - Shot by Vladislav Namestnikov.
17:56 of 3rd period - Shot Blocked by Mike Green.
18:42 of 3rd period - Off-side.
18:43 of 3rd period - Nicklas Backstrom wins face-off versus Jiri Tlusty in neutral zone.
19:10 of 3rd period - Shot by Nicklas Backstrom.
19:10 of 3rd period - Stopped by Cam Ward without a rebound.
19:11 of 3rd period - Vincent Trocheck wins face-off versus Sergey Kalinin in Capitals zone.
19:35 of 3rd period - Icing by Sergey Kalinin.
19:36 of 3rd period - Sergey Kalinin wins face-off versus Nicklas Backstrom in Capitals zone.
19:50 of 3rd period - Shot by Max Pacioretty.
19:50 of 3rd period - Shot Misses the Net.
Goals for this period are 2 for Predators vs 0 for Capitals.
Shots for this period are 20 for Predators vs 4 for Capitals.